 Dungeon Crawl Stone Soup version 0.29-a0-468-ge57f7f99b4 (webtiles) character file.

Game seed: 10888043671548612038

51 holysushi the Insei (level 3, -10/23 HPs)
             Began as an Octopode Transmuter on May 21, 2022.
             Mangled by an iguana (11 damage)
             ... on level 3 of the Dungeon.
             The game lasted 00:03:46 (2258 turns).

holysushi the Insei (Octopode Transmuter)           Turns: 2258, Time: 00:03:46

Health: -10/23     AC:  2    Str:  9    XL:     3   Next: 83%
Magic:  3/6        EV: 19    Int: 15    God:
Gold:   88         SH:  0    Dex: 19    Spells: 0/6 levels left

rFire   + . .      SeeInvis .     - Unarmed
rCold   . . .      Faith    .   (shield currently unavailable)
rNeg    . . .      Spirit   .   (helmet currently unavailable)
rPois   x          Reflect  .   (no amulet)
rElec   .          Harm     .   i - ring of protection from fire
rCorr   .          Rampage  .   (no ring)
Will    .....                   (no ring)
Stlth   ++........              (no ring)
HPRegen 0.07/turn               (no ring)
MPRegen 0.10/turn               (no ring)
                                (no ring)
                                (no ring)

@: spider-form (expiring)
A: venomous fangs, almost no armour, (amphibious), 8 rings, tiny, (camouflage
1), (gelatinous body 1), (nimble swimmer 1), (tentacles)
a: End Transformation


You were on level 3 of the Dungeon.
You were a venomous arachnid creature.
You visited 1 branch of the dungeon, and saw 3 of its levels.

You collected 88 gold pieces.

Inventory:

Jewellery
 i - a ring of protection from fire (left front leg)
Scrolls
 b - 2 scrolls of acquirement {unknown}
 c - a scroll of magic mapping {unknown}
 d - 2 scrolls of teleportation {unknown}
 h - 2 scrolls of identify {unknown}
 j - a scroll of fear {unknown}
Potions
 a - a potion of lignification
 e - 3 potions of mutation {unknown}
 f - a potion of attraction {unknown}
 g - 2 potions of degeneration {unknown}
 k - a potion of curing {unknown}
 l - a potion of berserk rage {unknown}
 m - a potion of brilliance {unknown}
 n - a potion of might {unknown}


   Skills:
 - Level 1.0 Fighting
 - Level 2.0 Dodging
 * Level 4.3 Unarmed Combat
 - Level 2.0 Spellcasting
 + Level 2.2 Transmutations
 + Level 1.0 Poison Magic


You couldn't memorise any spells.
You knew the following spells:

 Your Spells              Type           Power      Damage    Failure   Level
a - Beastly Appendage     Tmut           16%        N/A       22%         1
b - Wereblood             Tmut           8%         N/A       30%         2
c - Spider Form           Tmut/Pois      6%         N/A       56%         3

Your spell library contained the following spells:

 Spells                   Type           Power      Damage    Failure   Level
 Magic Dart               Conj           4%         1d3       43%         1
 Ensorcelled Hibernation  Hex/Ice        2%         N/A       54%         2
 Searing Ray              Conj           2%         2d4       54%         2
 Sublimation of Blood     Necr           1%         N/A       54%         2
 Ice Form                 Ice/Tmut       4%         N/A       92%         4
 Petrify                  Tmut/Erth      4%         N/A       92%         4
 Anguish                  Hex/Necr       0%         N/A       98%         4
 Fulminant Prism          Conj/Hex       0%         3d6       98%         4
 Irradiate                Conj/Tmut      2%         3d14      99%         5


Dungeon Overview and Level Annotations

Branches:
Dungeon (3/15)

Altars:


Innate Abilities, Weirdness & Mutations

You are a venomous arachnid creature.
You have poisonous fangs.
You are tiny and dextrous.
Your spellcasting is less reliable in this form.
Your armour is entirely melded.
You are incapable of wielding weapons or throwing items.
You cannot wear most types of armour.
((You are amphibious.))
You can wear up to eight rings at the same time.
((Your skin changes colour to match your surroundings (Stealth+).))
((Your rubbery body absorbs attacks. (AC +1, EV +1)))
((You are camouflaged when in or above water. (Stealth+)))
((You have tentacles for arms and can constrict up to eight enemies at once.))


Message History

One of your tentacles grows a vicious spike.
The endoplasm hits you but does no damage.
You tentacle-slap the endoplasm.
Your tentacle spike misses the endoplasm.
You squeeze the endoplasm.
The endoplasm is heavily wounded.
You tentacle-slap the endoplasm but do no damage.
You tentacle-slap the endoplasm.
You kill the endoplasm!
Your Poison Magic skill increases to level 1!
Found 12 gold pieces.
Your transformation is almost over.
A gnoll comes into view. It is wielding a +0 spear.
A gnoll is nearby!
A gnoll is nearby!
A gnoll comes into view. It is wielding a +0 spear.
Unknown command.
Your tentacle spike disappears.
Found a stone staircase leading down.
An iguana comes into view.
Casting: Beastly Appendage (safe; 9% risk of failure)
Confirm with . or Enter, or press ? or * to list all spells.
The spell is extremely dangerous to miscast (34% risk of failure)!
Continue anyway?
You turn into a venomous arachnid creature.
The iguana hisses angrily.
You hit the iguana but do no damage.
The iguana is poisoned.
The iguana bites you!
Ouch! That really hurt!
You hit the iguana.
The iguana is lightly wounded.
The iguana closely misses you.
You hit the iguana but do no damage.
The iguana looks as sick as possible!
The iguana is moderately wounded.
The iguana bites you!
* * * LOW HITPOINT WARNING * * *
You hit the iguana.
The iguana looks as sick as possible!
The iguana is heavily wounded.
Your transformation is almost over.
The iguana bites you!
You die...

#.....# #.....#
###### +......
....># #.....#
#.##.# #.....#
#.##l# #.....#
#.##s#
###.....#####.##.#
.................#
.........####.####
########.# #.# #..
#.# ##.# #.# .$
g.# .....#


You could see an iguana (extremely poisoned).

Vanquished Creatures
  An adder (D:2)
  A worm (D:2)
  3 bats (D:1)
  2 endoplasms
  A giant cockroach (D:1)
  4 goblins
  A hobgoblin (D:2)
  9 kobolds
  2 quokkas (D:2)
  9 ball pythons
  3 frilled lizards
  3 rats
39 creatures vanquished.

Notes
Turn   | Place    | Note
-------+----------+-------------------------------------------
     0 | D:1      | holysushi the Octopode Transmuter began the quest for the
                  | Orb.
     0 | D:1      | Reached XP level 1. HP: 13/13 MP: 3/3
   184 | D:1      | Reached XP level 2. HP: 17/18 MP: 3/5
   186 | D:1      | Found a faded altar of an unknown god.
   510 | D:1      | You fall into a shaft and drop 1 floor!
   514 | D:2      | Learned a level 2 spell: Wereblood
   613 | D:1      | Reached skill level 4 in Unarmed Combat
  1021 | D:1      | Reached XP level 3. HP: 23/23 MP: 4/6
  1137 | D:1      | Learned a level 3 spell: Spider Form
  2236 | D:3      | Reached skill level 1 in Poison Magic
  2257 | D:3      | HP: 1/23 [iguana (10)]
  2258 | D:3      | Mangled by an iguana

Illustrated notes

Levels and vault maps discovered:
D:1:      evilmike_arrival_fibonacci_small, layout_basic,
          nicolae_ecumenical_snake_handling, bh_walls_and_bars
D:2:      layout_basic
D:3:      minmay_skewed_foursquare, layout_basic,
          nicolae_overflow_crystal_walls, uniq_grinder, uniq_ijyb

Skill      XL: |  1  2  3 |
---------------+----------+-----
Unarmed Combat | 4 |  4.3
Poison Magic   | 1 |  1.0
Fighting       | |  1.0
Dodging        | |  2.0
Spellcasting   | |  2.0
Transmutations | |  2.2

Action                   || total
-------------------------++-------
Melee: Unarmed           ||    73
       Kick              ||    21
       Constrict         ||    20
       Tentacles         ||    12
       Punch             ||     4
 Cast: Beastly Appendage ||    32
       Spider Form       ||     1
 Stab: Sleeping          ||     6
Armor: Skin              ||    11
Dodge: Dodged            ||    49

Table legend: (Time is in decaauts)
 A = Elapsed time spent in this place.
 B = Non-inter-level travel time spent in this place.
 C = Inter-level travel time spent in this place.
 D = Time resting spent in this place.
 E = Time spent auto-exploring this place.
 F = Levels seen in this place.
 G = Mean time per level.
                   A        B        C        D        E       F      G
               +--------+--------+--------+--------+--------+-----+--------+
         Total |   2250 |   2194 |     56 |    246 |   1482 |   3 |  750.0 |
       Dungeon |   2250 |   2194 |     56 |    246 |   1482 |   3 |  750.0 |
               +--------+--------+--------+--------+--------+-----+--------+

Top non-repeatable levels by time:
     D:1: 1195 daAuts
     D:2: 1025 daAuts
     D:3: 29 daAuts
